| TOP OF THE 1ST |
|
University of California Golden Bears batting - Pitching for Ohio State University Buckeyes : RHP Mike Sisson
|
|
Pitching: RHP Mike Sisson
|
|
|
Batting: LHB Eric Gaugler
|
0-0: Ball 1-0: Foul Ball, location: 2F 1-1: Ball 2-1: Ball 3-1: Fly out, F8 (Line Drive, 8RD, EV 110.0 MPH)
|
|
Batting: SHB Matsudaira Ikeda
|
0-0: Called Strike 0-1: Ground out 4-3 (Groundball, 4, EV 103.8 MPH)
|
|
Batting: RHB Mario Diaz
|
0-0: SINGLE (Groundball, 6D, EV 96.2 MPH)
|
|
Batting: RHB Nate Mahon
|
0-0: Foul Ball, location: 2F 0-1: Ball 1-1: Swinging Strike 1-2: Ground out 6-3 (Groundball, 6S, EV 83.8 MPH)
|
| Top of the 1st over - 0 runs, 1 hit, 0 errors, 1 left on base; University of California 0 - Ohio State University 0 |
| BOTTOM OF THE 1ST |
|
Ohio State University Buckeyes batting - Pitching for University of California Golden Bears : RHP Tim Devine
|
|
Pitching: RHP Tim Devine
|
|
|
Batting: RHB Tony Vasquez
|
0-0: Fly out, F8 (Flyball, 8LS, EV 87.5 MPH)
|
|
Batting: RHB Aaron Burnet
|
0-0: Fly out, F8 (Flyball, 78D, EV 98.8 MPH)
|
|
Batting: SHB Ken Griffey IV
|
0-0: Ball 1-0: Called Strike 1-1: SOLO HOME RUN (Flyball, 7LD, EV 93.8 MPH), Distance : 347 ft
|
|
Batting: LHB Ben Roth
|
0-0: Ball 1-0: Foul Ball, location: 2F 1-1: Ball 2-1: Ball 3-1: Called Strike 3-2: Strikes out swinging
|
| Bottom of the 1st over - 1 run, 1 hit, 0 errors, 0 left on base; University of California 0 - Ohio State University 1 |
| TOP OF THE 2ND |
|
University of California Golden Bears batting - Pitching for Ohio State University Buckeyes : RHP Mike Sisson
|
|
Batting: RHB Alex Martinez
|
0-0: Foul Ball, location: 2F 0-1: Called Strike 0-2: Ball 1-2: Foul Ball, location: 2F 1-2: Strikes out swinging
|
|
Batting: LHB Luis Orellana
|
0-0: Ball 1-0: Ball 2-0: SINGLE (Line Drive, 8LS, EV 106.2 MPH)
|
|
Batting: RHB Juan Debayle
|
0-0: Fielders Choice at 2nd, 4-6 (Groundball, 4, EV 86.9 MPH)
|
|
Batting: LHB Justin Conley
|
0-0: Fielders Choice at 2nd, U4 (Groundball, 4M, EV 84.4 MPH)
|
| Top of the 2nd over - 0 runs, 1 hit, 0 errors, 1 left on base; University of California 0 - Ohio State University 1 |
| BOTTOM OF THE 2ND |
|
Ohio State University Buckeyes batting - Pitching for University of California Golden Bears : RHP Tim Devine
|
|
Batting: RHB Hugo Chavez
|
0-0: Called Strike 0-1: Ball 1-1: Ball 2-1: DOUBLE (Flyball, 8LXD, EV 115.6 MPH)
|
|
Batting: RHB Michihisa Tanaka
|
0-0: Ball 1-0: Swinging Strike 1-1: Foul Ball, location: 2F 1-2: Fly out, F8 (Flyball, 8RXD, EV 93.8 MPH) Runner from 2nd tags up, SAFE at 3rd, no throw by CF
|
|
Batting: RHB Jeff Standridge
|
0-0: Foul Ball, location: 2F 0-1: Ball 1-1: Ball 2-1: Ball 3-1: Ground out 5-3 (Groundball, 56S, EV 89.4 MPH) Hugo Chavez scores
|
|
Batting: RHB John Britton
|
0-0: Ball 1-0: Ground out 5-3 (Groundball, 5L, EV 91.2 MPH)
|
| Bottom of the 2nd over - 1 run, 1 hit, 0 errors, 0 left on base; University of California 0 - Ohio State University 2 |
| TOP OF THE 3RD |
|
University of California Golden Bears batting - Pitching for Ohio State University Buckeyes : RHP Mike Sisson
|
|
Batting: RHB Kasey Sands
|
0-0: Called Strike 0-1: Ball 1-1: Ball 2-1: SINGLE (Line Drive, 89S, EV 104.4 MPH)
|
|
Batting: LHB Eric Gaugler
|
0-0: Fielders Choice at 2nd, 4-6 (Groundball, 4, EV 81.9 MPH)
|
|
Batting: SHB Matsudaira Ikeda
|
0-0: Called Strike Eric Gaugler steals 2nd base 0-1: Ball 1-1: SINGLE (Groundball, 34S, EV 71.2 MPH) (infield hit) Eric Gaugler to third
|
|
Batting: RHB Mario Diaz
|
0-0: Fly out, F8 (Flyball, 8RM, EV 87.5 MPH) Runner from 3rd tags up, SCORES, no throw by CF
|
|
Batting: RHB Nate Mahon
|
0-0: Ball 1-0: Swinging Strike 1-1: Foul Ball, location: 2F 1-2: Ball Wild Pitch! Matsudaira Ikeda to second 2-2: Ball 3-2: Fly out, F2 (Popup, 2R, EV 96.2 MPH)
|
| Top of the 3rd over - 1 run, 2 hits, 0 errors, 1 left on base; University of California 1 - Ohio State University 2 |
| BOTTOM OF THE 3RD |
|
Ohio State University Buckeyes batting - Pitching for University of California Golden Bears : RHP Tim Devine
|
|
Batting: RHB Dave Villarreal
|
0-0: Called Strike 0-1: Called Strike 0-2: Ball 1-2: Ball 2-2: Ground out 5-3 (Groundball, 5L, EV 85.0 MPH)
|
|
Batting: RHB Tony Vasquez
|
0-0: Foul Ball, location: 2F 0-1: Called Strike 0-2: Ground out 4-3 (Groundball, 4M, EV 105.6 MPH)
|
|
Batting: RHB Aaron Burnet
|
0-0: Ball 1-0: Called Strike 1-1: Foul Ball, location: 2F 1-2: Foul Ball, location: 2F 1-2: Foul Ball, location: 2F 1-2: Fly out, F9 (Flyball, 9D, EV 93.8 MPH)
|
| Bottom of the 3rd over - 0 runs, 0 hits, 0 errors, 0 left on base; University of California 1 - Ohio State University 2 |
| TOP OF THE 4TH |
|
University of California Golden Bears batting - Pitching for Ohio State University Buckeyes : RHP Mike Sisson
|
|
Batting: RHB Alex Martinez
|
0-0: Ball 1-0: Ball 2-0: Foul Ball, location: 2F 2-1: Ball 3-1: Base on Balls
|
|
Batting: LHB Luis Orellana
|
0-0: SINGLE (Flyball, 78S, EV 95.6 MPH) Alex Martinez to second
|
|
Batting: RHB Juan Debayle
|
0-0: Called Strike 0-1: Ball 1-1: Foul Ball, location: 2F 1-2: SINGLE (Groundball, 56D, EV 95.0 MPH) Alex Martinez to third Luis Orellana to second Runner from 3rd tries for Home, SAFE, throw by LF to home
|
|
Batting: LHB Justin Conley
|
0-0: Ball 1-0: Grounds into double play, 4-6-3 (Groundball, 4, EV 101.9 MPH) Luis Orellana to third
|
|
Batting: RHB Kasey Sands
|
0-0: Ball 1-0: Ground out 4-3 (Groundball, 4M, EV 88.8 MPH)
|
| Top of the 4th over - 1 run, 2 hits, 0 errors, 1 left on base; University of California 2 - Ohio State University 2 |
| BOTTOM OF THE 4TH |
|
Ohio State University Buckeyes batting - Pitching for University of California Golden Bears : RHP Tim Devine
|
|
Batting: SHB Ken Griffey IV
|
0-0: Swinging Strike 0-1: Swinging Strike 0-2: Ball 1-2: Strikes out swinging
|
|
Batting: LHB Ben Roth
|
0-0: Called Strike 0-1: Ground out 2-3 (Groundball, 15S, EV 62.5 MPH)
|
|
Batting: RHB Hugo Chavez
|
0-0: Foul Ball, location: 2F 0-1: Ball 1-1: Called Strike 1-2: Foul Ball, location: 2F 1-2: Ball 2-2: Fly out, F9 (Flyball, 9D, EV 93.1 MPH)
|
| Bottom of the 4th over - 0 runs, 0 hits, 0 errors, 0 left on base; University of California 2 - Ohio State University 2 |
| TOP OF THE 5TH |
|
University of California Golden Bears batting - Pitching for Ohio State University Buckeyes : RHP Mike Sisson
|
|
Batting: LHB Eric Gaugler
|
0-0: Ball 1-0: Ball 2-0: Ground out U3 (Groundball, 34S, EV 81.9 MPH)
|
|
Batting: SHB Matsudaira Ikeda
|
0-0: Called Strike 0-1: Ball 1-1: Called Strike 1-2: Fly out, F9 (Flyball, 9, EV 96.9 MPH)
|
|
Batting: RHB Mario Diaz
|
0-0: Ball 1-0: Ground out 3-1 (Groundball, 34, EV 87.5 MPH)
|
| Top of the 5th over - 0 runs, 0 hits, 0 errors, 0 left on base; University of California 2 - Ohio State University 2 |
| BOTTOM OF THE 5TH |
|
Ohio State University Buckeyes batting - Pitching for University of California Golden Bears : RHP Tim Devine
|
|
Batting: RHB Michihisa Tanaka
|
0-0: Ball 1-0: Foul Ball, location: 2F 1-1: Fly out, F7 (Line Drive, 7, EV 89.4 MPH)
|
|
Batting: RHB Jeff Standridge
|
0-0: Called Strike 0-1: Ground out 6-3 (Groundball, 6, EV 91.9 MPH)
|
|
Batting: RHB John Britton
|
0-0: SINGLE (Groundball, 4D, EV 100.6 MPH)
|
|
Batting: RHB Dave Villarreal
|
0-0: Ball 1-0: Ball 2-0: Foul Ball, location: 2F 2-1: Called Strike 2-2: Foul Ball, location: 2F 2-2: Strikes out swinging
|
| Bottom of the 5th over - 0 runs, 1 hit, 0 errors, 1 left on base; University of California 2 - Ohio State University 2 |
| TOP OF THE 6TH |
|
University of California Golden Bears batting - Pitching for Ohio State University Buckeyes : RHP Mike Sisson
|
|
Batting: RHB Nate Mahon
|
0-0: Ground out 1-3 (Groundball, 15, EV 70.6 MPH)
|
|
Batting: RHB Alex Martinez
|
0-0: Ball 1-0: Ball 2-0: Called Strike 2-1: Foul Ball, location: 2F 2-2: Ball 3-2: Foul Ball, location: 2F 3-2: Fly out, F7 (Flyball, 78D, EV 75.6 MPH)
|
|
Batting: LHB Luis Orellana
|
0-0: Ball 1-0: Ball 2-0: Called Strike 2-1: Ball 3-1: Called Strike 3-2: Fly out, F8 (Line Drive, 8RM, EV 90.6 MPH)
|
| Top of the 6th over - 0 runs, 0 hits, 0 errors, 0 left on base; University of California 2 - Ohio State University 2 |
| BOTTOM OF THE 6TH |
|
Ohio State University Buckeyes batting - Pitching for University of California Golden Bears : RHP Tim Devine
|
|
Batting: RHB Tony Vasquez
|
0-0: Ball 1-0: Called Strike 1-1: Fly out, F9 (Flyball, 9, EV 93.1 MPH)
|
|
Batting: RHB Aaron Burnet
|
0-0: SINGLE (Flyball, 78S, EV 88.8 MPH)
|
|
Batting: SHB Ken Griffey IV
|
0-0: Ball 1-0: Ball 2-0: Fielders Choice at 2nd, 6-4 (Groundball, 6, EV 85.0 MPH)
|
|
Batting: LHB Ben Roth
|
0-0: Called Strike 0-1: Ball 1-1: Foul Ball, location: 2F 1-2: Foul Ball, location: 2F 1-2: Ball 2-2: Ball 3-2: DOUBLE (Flyball, 8LXD, EV 110.0 MPH) Ken Griffey IV to third Ken Griffey IV scores
|
|
Batting: RHB Hugo Chavez
|
0-0: Ball 1-0: SINGLE (Line Drive, 78S, EV 90.0 MPH) Ben Roth to third Runner from 3rd tries for Home, SAFE, throw by LF to home
|
|
Pitching: LHP Adam Gavel
|
|
|
Batting: RHB Michihisa Tanaka
|
0-0: Ball 1-0: Ground out 5-3 (Groundball, 56S, EV 85.6 MPH)
|
| Bottom of the 6th over - 2 runs, 3 hits, 0 errors, 1 left on base; University of California 2 - Ohio State University 4 |
| TOP OF THE 7TH |
|
University of California Golden Bears batting - Pitching for Ohio State University Buckeyes : RHP Mike Sisson
|
|
Batting: RHB Juan Debayle
|
0-0: Ball 1-0: Reached on error, E5 (Groundball, 5, EV 99.4 MPH)
|
|
Pinch Hitting: RHB Rúbem Trancoso
|
0-0: Ball 1-0: Foul Ball, location: 2F 1-1: Fly out, F6 (Popup, 56D, EV 63.8 MPH)
|
|
Batting: RHB Kasey Sands
|
0-0: Ball 1-0: Swinging Strike 1-1: DOUBLE (Line Drive, 8LD, EV 107.5 MPH) Juan Debayle scores
|
|
Pitching: LHP Ernesto Galindo
|
|
|
Pinch Hitting: LHB Josh Rini
|
0-0: Ball 1-0: Ball 2-0: Foul Ball, location: 2F 2-1: Ball 3-1: Base on Balls
|
|
Batting: SHB Matsudaira Ikeda
|
0-0: Ball 1-0: Foul Ball, location: 2F 1-1: Foul Ball, location: 2F 1-2: Foul Ball, location: 2F 1-2: Strikes out swinging
|
|
Batting: RHB Mario Diaz
|
0-0: Ball 1-0: Foul Ball, location: 2F 1-1: Fly out, F8 (Flyball, 8LD, EV 95.6 MPH)
|
| Top of the 7th over - 1 run, 1 hit, 1 error, 2 left on base; University of California 3 - Ohio State University 4 |
| BOTTOM OF THE 7TH |
|
Ohio State University Buckeyes batting - Pitching for University of California Golden Bears : LHP Adam Gavel
|
|
Now at 1B: Moriaki Saito
|
|
|
Now in LF: Rúbem Trancoso
|
|
|
Now in CF: Luis Orellana
|
|
|
Batting: RHB Jeff Standridge
|
0-0: Called Strike 0-1: Ball 1-1: Ball 2-1: Ball 3-1: Ground out 6-3 (Groundball, 6, EV 103.1 MPH)
|
|
Batting: RHB John Britton
|
0-0: Ground out 3-1 (Groundball, 34, EV 91.2 MPH)
|
|
Batting: RHB Dave Villarreal
|
0-0: Called Strike 0-1: Fly out, F9 (Flyball, 9, EV 76.2 MPH)
|
| Bottom of the 7th over - 0 runs, 0 hits, 0 errors, 0 left on base; University of California 3 - Ohio State University 4 |
| TOP OF THE 8TH |
|
University of California Golden Bears batting - Pitching for Ohio State University Buckeyes : LHP Ernesto Galindo
|
|
Batting: RHB Nate Mahon
|
0-0: Called Strike 0-1: Ball 1-1: Ball 2-1: Ball 3-1: Foul Ball, location: 2F 3-2: Foul Ball, location: 2F 3-2: Base on Balls
|
|
Pitching: RHP Zinedine Lahlafi
|
|
|
Batting: RHB Alex Martinez
|
0-0: Ball 1-0: Ball 2-0: Foul Ball, location: 2F 2-1: Called Strike 2-2: Foul Ball, location: 2F 2-2: SINGLE (Groundball, 6D, EV 110.0 MPH) Nate Mahon to second
|
|
Batting: LHB Luis Orellana
|
0-0: Ball 1-0: Foul Ball, location: 2F 1-1: Ball 2-1: Foul Ball, location: 2F 2-2: Ball 3-2: Fly out, F7 (Flyball, 7, EV 89.4 MPH)
|
|
Batting: RHB Juan Debayle
|
0-0: Called Strike 0-1: Called Strike 0-2: Ball 1-2: Ball 2-2: Foul Ball, location: 2F 2-2: Ball 3-2: Ground out 5-3 (Groundball, 6S, EV 78.8 MPH) Nate Mahon to third Alex Martinez to second
|
|
Batting: RHB Rúbem Trancoso
|
0-0: Called Strike 0-1: Foul Ball, location: 2F 0-2: DOUBLE (Line Drive, 7LM, EV 105.6 MPH) Nate Mahon scores Alex Martinez scores
|
|
Batting: RHB Kasey Sands
|
0-0: Ball 1-0: Foul Ball, location: 2F 1-1: Ball 2-1: Foul Ball, location: 2F 2-2: Strikes out swinging
|
| Top of the 8th over - 2 runs, 2 hits, 0 errors, 1 left on base; University of California 5 - Ohio State University 4 |
| BOTTOM OF THE 8TH |
|
Ohio State University Buckeyes batting - Pitching for University of California Golden Bears : LHP Adam Gavel
|
|
Batting: LHB Ricardo Torres
|
0-0: Ball 1-0: Ground out 6-3 (Groundball, 6D, EV 100.6 MPH)
|
|
Pinch Hitting: LHB Danny Schultz
|
0-0: Ball 1-0: SINGLE (Line Drive, 89M, EV 99.4 MPH)
|
|
Pitching: RHP Howie Abrams
|
|
|
Batting: SHB Ken Griffey IV
|
0-0: Swinging Strike 0-1: SINGLE (Groundball, 4MD, EV 96.9 MPH) Danny Schultz to second Runner from 2nd tries for 3rd, OUT! 8-5 Ken Griffey IV to second
|
|
Batting: LHB Ben Roth
|
0-0: Called Strike 0-1: Foul Ball, location: 2F 0-2: Foul Ball, location: 2F 0-2: Foul Ball, location: 2F 0-2: Strikes out swinging
|
| Bottom of the 8th over - 0 runs, 2 hits, 0 errors, 1 left on base; University of California 5 - Ohio State University 4 |
| TOP OF THE 9TH |
|
University of California Golden Bears batting - Pitching for Ohio State University Buckeyes : RHP Zinedine Lahlafi
|
|
Pitching: RHP Jose Ortiz
|
|
|
Now in LF: Danny Schultz
|
|
|
Batting: LHB Moriaki Saito
|
0-0: Reached on error, E4 (Groundball, 4, EV 86.2 MPH)
|
|
Batting: SHB Matsudaira Ikeda
|
0-0: Foul Ball, location: 2F 0-1: Ball 1-1: Ball 2-1: Bunted foul 2-2: Ball 3-2: Fielders Choice at 2nd, 6-4 (Groundball, 6, EV 88.8 MPH)
|
|
Batting: RHB Mario Diaz
|
0-0: Ball Wild Pitch! Matsudaira Ikeda to second 1-0: Ball 2-0: DOUBLE (Line Drive, 8RXD, EV 103.8 MPH) Matsudaira Ikeda scores
|
|
Batting: RHB Nate Mahon
|
0-0: Intentional Walk
|
|
Batting: RHB Alex Martinez
|
0-0: Fly out, F7 (Flyball, 7LS, EV 88.8 MPH)
|
|
Batting: LHB Luis Orellana
|
0-0: Ball 1-0: Ball 2-0: Called Strike 2-1: Foul Ball, location: 2F 2-2: Foul Ball, location: 2F 2-2: Strikes out swinging
|
| Top of the 9th over - 1 run, 1 hit, 1 error, 2 left on base; University of California 6 - Ohio State University 4 |
| BOTTOM OF THE 9TH |
|
Ohio State University Buckeyes batting - Pitching for University of California Golden Bears : RHP Howie Abrams
|
|
Pitching: LHP Leo Gomez
|
|
|
Batting: RHB Hugo Chavez
|
0-0: Hit by Pitch
|
|
Pinch Hitting: RHB Hikaru Nakata
|
0-0: Ball 1-0: Ball 2-0: Called Strike 2-1: Ball 3-1: Foul Ball, location: 2F 3-2: Grounds into double play, 4-6-3 (Groundball, 4, EV 101.2 MPH)
|
|
Pinch Hitting: RHB Mike Vaughan
|
0-0: Ground out 3-1 (Groundball, 34, EV 85.6 MPH)
|
| Bottom of the 9th over - 0 runs, 0 hits, 0 errors, 0 left on base; University of California 6 - Ohio State University 4 |
|